 Dungeon Crawl Stone Soup version 0.30.0-15-g856e2d3f33 (webtiles) character file.

Game seed: 12269951505991683309

134 ProzacElf the Sneak (level 4, -4/33 HPs)
             Began as a Demonspawn Brigand on May 18, 2023.
             Killed by divine providence
             ... invoked by an orc priest
              (12 damage)
             ... on level 3 of the Dungeon.
             The game lasted 00:03:46 (2310 turns).

ProzacElf the Sneak (Demonspawn Brigand)            Turns: 2310, Time: 00:03:47

Health: -4/33      AC:  9    Str: 13    XL:     4   Next: 95%
Magic:  4/4        EV: 10    Int: 13    God:
Gold:   75         SH:  0    Dex: 14    Spells: 3/3 levels left

rFire   . . .        a - +2 dagger
rCold   . . .        (no shield)
rNeg    . . .        v - +0 ring mail
rPois   .            u - +1 helmet
rElec   .            c - +0 cloak
rCorr   .            (no gloves)
SInv    +            o - +0 pair of boots
Will    .....        (no amulet)
Stlth   ++           s - ring of see invisible
HPRegen 0.25/turn    (no ring)
MPRegen 0.18/turn

%: no passive effects
@: no status effects
A: magic regeneration
a: no special abilities


You were on level 3 of the Dungeon.
You visited 1 branch of the dungeon, and saw 3 of its levels.

You collected 75 gold pieces.

Inventory:

Hand Weapons
 a - a +2 dagger (weapon)
 t - a +2 trident of protection
Missiles
 d - 12 poisoned darts (quivered)
 e - 3 curare-tipped darts
Armour
 b - a +0 robe
 c - a +0 cloak (worn)
 o - a +0 pair of boots (worn)
 q - a +0 leather armour
 u - a +1 helmet (worn)
 v - a +0 ring mail (worn)
Jewellery
 s - a ring of see invisible (left hand)
Scrolls
 g - a scroll of immolation {unknown}
 j - 2 scrolls of identify {unknown}
 k - a scroll of magic mapping {unknown}
 m - a scroll of teleportation {unknown}
 w - a scroll of fear {unknown}
Potions
 f - a potion of flight {unknown}
 h - 2 potions of attraction {unknown}
 i - 2 potions of degeneration {unknown}
 l - 2 potions of haste {unknown}
 n - a potion of cancellation {unknown}
 p - a potion of might {unknown}
 r - a potion of curing {unknown}


   Skills:
 - Level 2.0 Fighting
 - Level 1.7(2.6) Short Blades
 + Level 2.9(3.1) Long Blades
 - Level 1.7 Throwing
 - Level 0.8 Dodging
 - Level 5.0 Stealth


You had 3 spell levels left.
You didn't know any spells.
Your spell library contained the following spells:

 Spells                   Type           Power      Damage    Failure   Level
 Scorch                   Fire           0%         2d5       71%         2
 Sublimation of Blood     Necr           0%         N/A       71%         2
 Wereblood                Tmut           0%         N/A       71%         2
 Gell's Gravitas          Tloc           0%         N/A       90%         3
 Teleport Other           Tloc           0%         N/A       90%         3
 Flame Wave               Conj/Fire      0%         2d4       100%        4
 Dispersal                Tloc           0%         N/A       100%        6
 Summon Cactus Giant      Summ           0%         N/A       100%        6
 Summon Hydra             Summ           0%         N/A       100%        7


Dungeon Overview and Level Annotations

Branches:
Dungeon (3/15)

Altars:

Annotations:
D:3 1 runed translucent door, SprigganGuy's ghost, amateur SpBr


Innate Abilities, Weirdness & Mutations

You regenerate magic rapidly.


Message History

Tha orc priest be healed somewhat.
A rat comes inta view.
Ye hit tha orc priest.
Tha orc priest be heavily wounded.
Tha orc priest hits ye but does nay damage.
Ye hit tha orc priest.
Tha orc priest be almost dead.
Tha orc priest hits ye wit' a +0 short sword.
An orc priest comes inta view.
It be wieldin' a +0 dagger.
Ye take 1 damage, an' haf 32/33 hp.
Ye barely miss tha orc priest.
Tha orc priest be almost dead.
Tha bat hits ye but does nay damage.
Tha bat barely misses ye.
Health restored: 33 Tha orc priest shouts!
Ye hit tha orc priest.
Ye kill tha orc priest!
Tha bat barely misses ye.
Tha bat hits ye but does nay damage.
Trainin' target 5.0 fer Stealth reached!
Yer Stealth skill increases ta level 5!
Ye closely miss tha bat.
Tha bat closely misses ye.
A rat comes inta view.
Ye barely miss tha orc.
Tha bat closely misses ye.
Tha orc priest invokes tha aid o' Beogh against ye.
Beogh smites ye!
Tha orc barely misses ye.
Tha bat hits ye but does nay damage.
Ye take 13 damage, an' haf 20/33 hp.
MASSIVE DAMAGE!!
Ye barely miss tha orc.
Tha bat closely misses ye.
Tha orc closely misses ye.
Ye hit tha orc but do nay damage.
Tha bat completely misses ye.
Ye hit tha orc but do nay damage.
Tha bat hits ye but does nay damage.
Tha orc priest invokes tha aid o' Beogh against ye.
Beogh smites ye!
* * * LOW HITPOINT WARNIN'
* * * Tha orc hits ye but does nay damage.
Ye take 13 damage, an' haf 8/33 hp.
MASSIVE DAMAGE!!
Ye be too injured ta fight recklessly!
Ye be too injured ta fight recklessly!
Tha bat hits ye but does nay damage.
Tha orc priest mumbles some strange prayers ta Beogh against ye.
Beogh smites ye!
Ye die...

...
#...........#
...#
.#.#####.#####
..... ..#.#
#.####### ...
#.#.# #........
.r. ..#.#
######### ###o#
#.#.#
#..Ko###.#.#
#o##.#.####
#)b@.#....#
#.##.####.#####
..###.# #.....#
#.# #.#
#.###.######
... #.# #.#
#....... #.#
#.#
#.###.###### #.
#.# #.....# #
#.# ##....#####
#.###.........#


You could see 2 orc priests, an orc, a bat, a kobold and a rat.

Vanquished Creatures
  An orc priest (D:3)
  Robin (D:3)
  3 adders (D:2)
  3 dart slugs
  An orc (D:3)
  3 endoplasms
  4 giant cockroaches
  12 goblins
  7 hobgoblins
  2 jackals (D:2)
  6 kobolds
  A quokka (D:2)
  6 ball pythons
  3 bats
  A frilled lizard (D:1)
  2 rats
56 creatures vanquished.

Notes
Turn   | Place    | Note
-------+----------+-------------------------------------------
     0 | D:1      | ProzacElf the Demonspawn Brigand began the quest for the
                  | Orb.
     0 | D:1      | Reached XP level 1. HP: 16/16 MP: 1/1
   204 | D:1      | Reached skill level 1 in Long Blades
   204 | D:1      | Gained mutation: You regenerate magic rapidly. [demonic
                  | ancestry]
   204 | D:1      | Reached XP level 2. HP: 18/22 MP: 2/2
   360 | D:1      | Reached skill level 4 in Stealth
   976 | D:2      | Reached XP level 3. HP: 11/27 MP: 3/3
  1779 | D:3      | Reached XP level 4. HP: 33/33 MP: 4/4
  1888 | D:3      | Found a runed translucent door.
  1993 | D:3      | Noticed Robin
  2004 | D:3      | Killed Robin
  2270 | D:3      | Noticed SprigganGuy's ghost (amateur SpBr)
  2305 | D:3      | Reached skill level 5 in Stealth
  2310 | D:3      | Killed from afar by an orc priest

Illustrated notes

Levels and vault maps discovered:
D:1:      elethiomel_arrival_maze, layout_basic, minmay_misc_feat_five,
          minmay_hexomino_p4
D:2:      minmay_angry_zag, layout_rooms, basic_altar
D:3:      layout_loops_ring, ebering_ghost_reflecting_pool, uniq_robin,
          uniq_crazy_yiuf_cottage

Skill      XL: |  1  2  3  4 |
---------------+-------------+-----
Long Blades    | 1 2 |  2.9
Stealth        | 4 5 |  5.0
Fighting       | |  2.0
Short Blades   | |  1.7
Throwing       | |  1.7
Dodging        | |  0.8

Action                     |  1- 3 |  4- 6 || total
---------------------------+-------+-------++-------
  Melee: Dagger            |    86 |    83 ||   169
  Throw: Dart              |       |     4 ||     4
   Stab: Sleeping          |    12 |     1 ||    13
 Armour: Robe              |    17 |       ||    17
         Leather armour    |       |    16 ||    16
         Ring mail         |       |    13 ||    13
  Dodge: Dodged            |    37 |    30 ||    67

Action                     |  1- 3 |  4- 6 || total
---------------------------+-------+-------++-------
  Melee: Dagger            |    86 |    83 ||   169
  Throw: Dart              |       |     4 ||     4
   Stab: Sleeping          |    12 |     1 ||    13
 Armour: Robe              |    17 |       ||    17
         Leather armour    |       |    16 ||    16
         Ring mail         |       |    13 ||    13
  Dodge: Dodged            |    37 |    30 ||    67

Levels and vault maps discovered:
D:1:      elethiomel_arrival_maze, layout_basic, minmay_misc_feat_five,
          minmay_hexomino_p4
D:2:      minmay_angry_zag, layout_rooms, basic_altar
D:3:      layout_loops_ring, ebering_ghost_reflecting_pool, uniq_robin,
          uniq_crazy_yiuf_cottage
